 Dungeon Crawl Stone Soup version 0.23-a0-451-g1044d4c (webtiles) character file.

34 galech the Skirmisher (level 3, -3/29 HPs)
             Began as a Demonspawn Fighter on Nov 22, 2018.
             Killed from afar by a hobgoblin (29 damage)
             ... with an exploding inner flame
             ... hexed by the player character
             ... on level 1 of the Dungeon.
             The game lasted 00:01:02 (484 turns).

galech the Skirmisher (Demonspawn Fighter)           Turns: 484, Time: 00:01:03

Health: -3/29      AC:  5    Str: 16    XL:     3   Next: 14%
Magic:  3/3        EV:  7    Int:  9    God:
Gold:   52         SH:  9    Dex: 13    Spells: 2/2 levels left

rFire    . . .     SeeInvis .   a - +0 war axe
rCold    . . .     Gourm    .   c - +0 shield
rNeg     . . .     Faith    .   e - -2 ring mail
rPois    .         Spirit   .   (no helmet)
rElec    .         Reflect  .   (no cloak)
rCorr    .         Harm     .   (no gloves)
MR       .....                  (no boots)
Stlth    +.........             (no amulet)
HPRegen  0.09/turn              (no ring)
MPRegen  0.08/turn              (no ring)

@: no status effects
A: slimy green scales 1
a: no special abilities


You were on level 1 of the Dungeon.
You were not hungry.

You visited 1 branch of the dungeon, and saw 1 of its levels.

You collected 52 gold pieces.

Inventory:

Hand Weapons
 a - a +0 war axe (weapon)
Armour
 b - a +0 scale mail
 c - a +0 shield (worn)
 e - a -2 ring mail (worn)
 i - a +0 chain mail
Potions
 d - 2 potions of might
 h - a potion of ambrosia {unknown}
Comestibles
 f - a ration
 g - 2 chunks of flesh


   Skills:
 + Level 3.2 Fighting
 + Level 2.3 Axes
 + Level 2.9 Armour
 + Level 3.1 Shields


You had 2 spell levels left.
You didn't know any spells.
Your spell library was empty.

Dungeon Overview and Level Annotations

Branches:
Dungeon (1/15)

Altars:


Innate Abilities, Weirdness & Mutations

You are partially covered in slimy green scales. (AC +2)


Message History

The creatures around you are filled with an inner flame!
It was a scroll of immolation.
As you read the scroll labeled SEPRAYHAGIPS, it crumbles to dust.
You feel as if something is helping you.
It was a scroll of remove curse.
Drop what? 9/52 slots (_ for help) (? for menu, Esc to quit)
Keep disrobing? [Y]es or [N]o only, please.
Keep disrobing? [Y]es or [N]o only, please.
Keep disrobing?
You stop removing your armour.
The hobgoblin hits you but does no damage.
The hobgoblin hits you with a +0 club.
You closely miss the hobgoblin. You block the hobgoblin's attack.
You slash the hobgoblin!
The hobgoblin explodes!
The fiery explosion engulfs you!
Ouch! That really hurt!
You die...

...........#...
.......).#...........
..#.......##........##
..#..#..#...#.....#..#
.....#..#.#..........#
...#.#..#...>........#
.....................#
..###................##
....#..........§@.....######
........(........§..........
...#...........##§..........
.. ###.........##...........
. ##.......###...........
#.........##...........
#.........##....(......
#........>######.......
#.........# #######


There were no monsters in sight!

Vanquished Creatures
  An ooze (D:1)
  2 dart slugs (D:1)
  4 bats (D:1)
  2 giant cockroaches (D:1)
  6 goblins (D:1)
  A hobgoblin (D:1)
  5 kobolds (D:1)
  A frilled lizard (D:1)
  3 rats (D:1)
25 creatures vanquished.

Notes
Turn   | Place    | Note
-------+----------+-------------------------------------------
     0 | D:1      | galech the Demonspawn Fighter began the quest for the Orb.
     0 | D:1      | Reached XP level 1. HP: 18/18 MP: 1/1
   160 | D:1      | Gained mutation: You are partially covered in slimy green
                  | scales. (AC +2) [demonic ancestry]
   160 | D:1      | Reached XP level 2. HP: 18/24 MP: 2/2
   293 | D:1      | Reached XP level 3. HP: 13/29 MP: 3/3
   484 | D:1      | Killed from afar by a hobgoblin

Vault maps used:
D:1:      dpeg_arrival_pond, minmay_tromino_i2

Skill      XL: |  1  2 |
---------------+-------+-----
Shields        | 3 |  3.1
Axes           | 2 |  2.3
Fighting       | |  3.2
Armour         | |  2.9

Action                   || total
-------------------------++-------
Melee: War axe           ||    55
  Use: Scroll            ||     3
Armor: Ring mail         ||    37
       Scale mail        ||     2
Dodge: Dodged            ||    25
Block: Shield            ||    41

Table legend:
 A = Non-vault XP
 B = Vault XP
 C = Vault XP percentage of total XP
 D = Non-vault monster count
 E = Vault monster count
 F = Vault count percentage of total count
                 A         B        C        D         E       F
            +---------+---------+-------+---------+---------+-------
      Total |      44 |       5 |  10.2 |      23 |       2 |   8.0
            +---------+---------+-------+---------+---------+-------
        D:1 |      44 |       5 |  10.2 |      23 |       2 |   8.0
            +---------+---------+-------+---------+---------+-------
